AoeStats
← Hamstring Cramp

Oasis

510134675Analyzed
3v3 RM · 3d ago on Sep 29, 2026· 42m 33s· 6 players
Game mode
Random Map
Map size
Normal (6 player)
Population
200
Speed
Normal
Resources
Standard
Victory
Conquest
Starting age
Dark Age
Ending age
Imperial Age
RankedLock teamsTeams togetherTeam positionsShared explorationLock speedFull tech treeHidden civsTurbo modeCheats
Victory
Defeat
🇩🇪 Magyars · Germany
1367
+7
🇺🇸 Saracens · United States
1314
+9
🇧🇪 Britons · Belgium
1271
+10
🇭🇷 Varangians · Croatia
1157
-9
🇮🇹 Mongols · Italy
1155
-9
🇷🇺 Danes · Russia
1135
-8
Chiki_Chiki_BANGBANG
11:03 Feudal Age
16:15 Castle Age
14:20 Double-Bit Axe
20:23 Crossbowman
22:46 Padded Archer Armor
22:40 Loom
27:18 Town Watch
30:14 Wheelbarrow
31:30 Bow Saw
35:03 Imperial Age
34:19 Fletching
34:51 Leather Archer Armor
35:32 Bodkin Arrow
37:06 Chemistry
35:41 Arbalester
39:06 Bracer
42:00 Hand Cart
42:23 Caravan
Saladin
10:34 Feudal Age
12:30 Loom
15:20 Castle Age
13:56 Bloodlines
13:42 Double-Bit Axe
14:08 Horse Collar
23:32 Scale Barding Armor
24:17 Bloodlines
26:45 Wheelbarrow
28:52 Bow Saw
28:48 Heavy Plow
30:57 Gold Mining
34:06 Imperial Age
32:31 Chain Barding Armor
32:32 Fletching
34:21 Husbandry
35:27 Plate Barding Armor
34:14 Cavalier
34:51 Bodkin Arrow
34:34 Light Cavalry
35:53 Hoardings
35:40 Conscription
38:13 Paladin
39:39 Bracer
42:25 Hussar
Hamstring Cramp
4:06 Loom
11:32 Feudal Age
17:50 Castle Age
15:58 Double-Bit Axe
17:40 Wheelbarrow
26:29 Stone Mining
28:01 Gold Mining
28:24 Bow Saw
27:57 Horse Collar
28:57 Hand Cart
28:27 Town Watch
32:43 Imperial Age
31:06 Scale Barding Armor
31:12 Forging
31:51 Husbandry
32:40 Gold Shaft Mining
32:48 Fortified Wall
33:11 Chain Barding Armor
33:26 Iron Casting
33:05 Bloodlines
32:17 Light Cavalry
33:24 Elite Mameluke
34:25 Conscription
33:45 Hussar
35:43 Plate Barding Armor
36:22 Blast Furnace
37:06 Siege Engineers
38:26 Counterweights
41:46 Ballistics
42:27 Chemistry
41:24 Fletching
ANDREY FLANKOVICH
10:33 Feudal Age
12:08 Loom
14:43 Castle Age
12:51 Double-Bit Axe
13:39 Horse Collar
19:28 Bow Saw
23:04 Wheelbarrow
24:55 Heavy Plow
26:08 Bloodlines
27:20 Scale Barding Armor
27:54 Forging
27:34 Fletching
28:52 Gold Mining
28:53 Stone Mining
29:26 Husbandry
30:29 Chain Barding Armor
33:17 Imperial Age
31:59 Iron Casting
32:49 Hand Cart
32:20 Town Watch
33:50 Masonry
34:27 Conscription
35:11 Ballistics
35:52 Chemistry
36:19 Two-Man Saw
35:52 Crop Rotation
35:50 Conscription
36:12 Plate Barding Armor
36:13 Conscription
35:29 Gothikon
35:36 Elite Jarl
38:12 Blast Furnace
37:07 Bodkin Arrow
37:50 Architecture
38:59 Squires
38:44 Gambesons
39:13 Scale Mail Armor
I AM MATTEO
11:05 Feudal Age
14:45 Castle Age
12:53 Horse Collar
12:59 Double-Bit Axe
17:24 Wheelbarrow
21:34 Bow Saw
22:11 Fletching
22:48 Padded Archer Armor
23:10 Scale Barding Armor
24:21 Bodkin Arrow
26:17 Ballistics
26:06 Thumb Ring
27:48 Leather Archer Armor
30:46 Imperial Age
29:00 Heavy Plow
29:38 Scale Barding Armor
30:22 Hand Cart
30:23 Masonry
32:30 Bloodlines
32:21 Husbandry
32:59 Conscription
33:05 Gold Mining
33:05 Stone Mining
34:21 Gold Shaft Mining
34:07 Chain Barding Armor
33:58 Capped Ram
34:46 Light Cavalry
36:11 Bracer
37:17 Chemistry
36:40 Hussar
37:32 Forging
38:08 Drill
39:58 Iron Casting
Nwelt
10:22 Loom
12:40 Feudal Age
18:18 Castle Age
18:00 Double-Bit Axe
25:58 Scale Mail Armor
28:35 Chain Mail Armor
29:08 Forging
28:56 Horse Collar
34:16 Gold Mining
34:57 Bow Saw
34:49 Arson
35:05 Squires
Connection lost

Rejoining the realm…

Still unreachable

The connection could not be restored.

Session expired

The server has moved on; the page needs a fresh start.